[Event "Titled Tuesday Blitz January 17 Early 2023"]
[White "Kuchava, Ana"]
[Black "Kaminski, Victor"]
[WhiteFideId "13605348"]
[BlackFideId "1131630"]
[WhiteElo "2101"]
[BlackElo "2247"]
[Result "1-0"]
[Round "06"]
[TimeControl "180+2"]
[Date "2023.01.17"]
[WhiteClock "0:00:07"]
[BlackClock "0:00:03"]

1. d4 Nf6 2. Nf3 d5 3. c4 e6 4. Nc3 c5 5. cxd5 cxd4 6. Qxd4 exd5 7. Bg5 Be7 8. e3 O-O 9. Bb5 Nc6 10. Bxc6 bxc6 11. O-O h6 12. Bh4 Rb8 13. Qd2 Ba6 14. Rfd1 Qb6 15. b3 Rfd8 16. Na4 Qb4 17. Qxb4 Rxb4 18. Rac1 Be2 19. Rd2 Bb5 20. Nc5 Rc8 21. Nd4 Bxc5 22. Rxc5 Ne4 23. Nc2 Rxb3 24. axb3 Nxc5 25. Nd4 a5 26. Rc2 Nd3 27. Nxb5 Rb8 28. Nd4 c5 29. Rc3 c4 30. g4 cxb3 31. Nxb3 Nb2 32. Nxa5 Ra8 33. Rc5 Nd3 34. Rxd5 Nc1 35. Kg2 Kh7 36. Bg3 g5 37. h4 gxh4 38. Bxh4 Ne2 39. Kf3 Nc3 40. Rf5 Kg6 41. Rf6+ Kg7 42. Nc6 Ra4 43. Ne5 Ne4 44. Rxf7+ Kg8 45. Rf4 Nd2+ 46. Kg2 Ra2 47. Bf6 Nc4 48. Nxc4 Rc2 49. Be5 Kh7 50. Bd6 h5 51. Ne5 hxg4 52. Rxg4 Kh6 53. Nf3 Kh7 54. e4 Rb2 55. e5 Re2 56. Rd4 Kg6 57. Kg3 Kf5 58. Rf4+ Ke6 59. Nd4+ Kd7 60. Nxe2 Ke8 61. e6 Kd8 62. Rf8# 1-0


[Site "https://www.chess.com"]

[Event "Titled Tuesday Blitz January 17 Early 2023"]
[White "Nikulina, Alena"]
[Black "Matveeva, Olga"]
[WhiteFideId "4172051"]
[BlackFideId "24107018"]
[WhiteElo "1857"]
[BlackElo "2128"]
[Result "1-0"]
[Round "06"]
[TimeControl "180+2"]
[Date "2023.01.17"]
[WhiteClock "0:00:11"]
[BlackClock "0:00:21"]

1. e4 e6 2. d4 d5 3. exd5 exd5 4. c4 Nf6 5. Nf3 dxc4 6. Bxc4 Bd6 7. O-O O-O 8. Nc3 Bg4 9. h3 Bh5 10. g4 Bg6 11. Ne5 Nc6 12. f4 Be4 13. g5 Bxe5 14. dxe5 Qe7 15. gxf6 Qc5+ 16. Kh2 Qxc4 17. fxg7 Rfd8 18. Qe1 Bd3 19. Rg1 Nd4 20. Qg3 Qc6 21. Rg2 Nf3+ 22. Kh1 Be4 23. Be3 Rd3 24. Nxe4 Qxe4 25. Bf2 Rad8 26. Rf1 Rd1 27. Rxd1 Rxd1+ 28. Bg1 Ne1 29. Kh2 Nxg2 30. Qxg2 Qxg2+ 31. Kxg2 Rd2+ 32. Kf3 Rxb2 33. a3 Rb3+ 34. Ke4 Rxa3 35. h4 Kxg7 36. Bc5 b6 37. Bxa3 a5 38. Kd5 Kg6 39. Be7 Kf5 40. Bg5 a4 41. Kc4 c6 42. Kb4 b5 43. Bh6 Ke6 44. Bf8 Kd5 45. Bd6 Kd4 46. f5 Kd5 47. Bc7 Ke4 48. e6 Kxf5 49. exf7 Kg4 50. f8=Q Kxh4 51. Qd6 Kg4 52. Qxc6 Kf5 53. Qxb5+ Kf6 54. Qxa4 Ke6 55. Qc6+ Kf5 56. Qd6 Ke4 57. Qe5+ Kf3 58. Qf4+ Ke2 59. Qd4 h5 60. Bd8 h4 61. Bxh4 Kf3 62. Qe5 Kg4 63. Be7 Kf3 64. Kc4 Kg2 65. Qf4 Kg1 66. Qf3 Kh2 67. Qg4 Kh1 68. Kd3 Kh2 69. Ke2 Kh1 70. Kf2 Kh2 71. Qg2# 1-0


[Site "https://www.chess.com"]

[Event "Titled Tuesday Blitz January 17 Early 2023"]
[White "Jimenez Fernandez, Rebeca"]
[Black "Nugumanov, Bakhtiyar"]
[WhiteFideId "32070934"]
[BlackFideId "13701797"]
[WhiteElo "2069"]
[BlackElo "2316"]
[Result "0-1"]
[Round "06"]
[TimeControl "180+2"]
[Date "2023.01.17"]
[WhiteClock "0:00:18"]
[BlackClock "0:00:48"]

1. e4 d6 2. d4 Nf6 3. Nc3 e5 4. Nf3 exd4 5. Nxd4 Be7 6. Bc4 O-O 7. O-O c6 8. a4 d5 9. exd5 cxd5 10. Bd3 Nc6 11. Nf5 Bxf5 12. Bxf5 Re8 13. Bg5 d4 14. Ne2 Qd5 15. Ng3 g6 16. Bxf6 Bxf6 17. Bd3 Re7 18. Qd2 Rae8 19. Rae1 h5 20. Rxe7 Rxe7 21. Re1 h4 22. Ne4 Bg7 23. b4 Ne5 24. Bf1 h3 25. Qf4 hxg2 26. Bxg2 Qe6 27. Ng5 Qc4 28. Bd5 Qxd5 0-1


[Site "https://www.chess.com"]

[Event "Titled Tuesday Blitz January 17 Early 2023"]
[White "MunichMouse"]
[Black "Manon-og, Ramon Jr."]
[BlackFideId "5200776"]
[WhiteElo "2211"]
[BlackElo "1999"]
[Result "1-0"]
[Round "06"]
[TimeControl "180+2"]
[Date "2023.01.17"]
[WhiteClock "0:00:35"]
[BlackClock "0:00:42"]

1. d4 Nf6 2. c4 g6 3. g3 d5 4. cxd5 Qxd5 5. Nf3 Bg7 6. Nc3 Qa5 7. Bg2 O-O 8. O-O c6 9. Bf4 Bf5 10. Ne5 Nbd7 11. e4 Be6 12. Nxd7 Bxd7 13. Rb1 Rad8 14. b4 Qa3 15. Rb3 Qa6 16. Bc7 Rc8 17. Be5 Bg4 18. f3 Be6 19. Rb2 Rcd8 20. Re1 Qc4 21. Qd2 Qa6 22. Bf1 Qb6 23. b5 Nh5 24. Bxg7 Nxg7 25. bxc6 Qxc6 26. d5 Qc5+ 27. Kg2 Bc8 28. Na4 Qa3 29. Qb4 Qxb4 30. Rxb4 b6 31. Rc4 e6 32. Nc3 exd5 33. Nxd5 Be6 34. Ne7+ Kh8 35. Rc7 Bxa2 36. Rxa7 Ra8 37. Rxa8 Rxa8 38. Ra1 Bd5 39. Rxa8+ Bxa8 40. Nc8 g5 41. h3 Bb7 42. Nxb6 h5 43. Kf2 g4 44. hxg4 hxg4 45. Bc4 gxf3 46. Bd5 Ba6 47. Bxf7 Be2 48. Nd7 Nh5 49. Bxh5 Kg7 50. Bxf3 Bb5 51. Nc5 Kf6 52. Ke3 Ke5 53. Nd3+ Kf6 54. Kd4 Kg5 55. Nf4 Bd7 56. e5 Kf5 57. Kd5 Bc8 58. Kd6 Ba6 59. e6 Bb5 60. Bc6 1-0


[Site "https://www.chess.com"]

[Event "Titled Tuesday Blitz January 17 Early 2023"]
[White "Grot, Blazej"]
[Black "Tarnowska, Aleksandra"]
[WhiteFideId "21835845"]
[BlackFideId "1180967"]
[WhiteElo "1990"]
[BlackElo "1835"]
[Result "0-1"]
[Round "06"]
[TimeControl "180+2"]
[Date "2023.01.17"]
[WhiteClock "0:01:19"]
[BlackClock "0:00:55"]

1. d4 d5 2. Nf3 e6 3. c4 Nf6 4. g3 Be7 5. Bg2 O-O 6. O-O b6 7. Nbd2 Bb7 8. Qc2 c5 9. dxc5 bxc5 10. b3 Nc6 11. Bb2 Nb4 12. Qb1 Rc8 13. Rd1 Qb6 14. a3 Nc6 15. Qc2 Na5 16. Ne5 d4 17. Bxb7 Qxb7 18. Nd3 Ne4 19. Nxe4 Qxe4 20. b4 cxb4 21. axb4 Nxc4 22. Qb3 Qxe2 23. Rxa7 Bf6 24. Rc1 Nd2 25. Qa3 Rxc1+ 26. Bxc1 Qf1# 0-1


[Site "https://www.chess.com"]

[Event "Titled Tuesday Blitz January 17 Early 2023"]
[White "Sovetbekova, Nurai"]
[Black "Rose, Felix"]
[WhiteFideId "13801910"]
[BlackFideId "5105722"]
[WhiteElo "1764"]
[BlackElo "2091"]
[Result "0-1"]
[Round "06"]
[TimeControl "180+2"]
[Date "2023.01.17"]
[WhiteClock "0:00:01"]
[BlackClock "0:00:05"]

1. d4 d5 2. c4 e6 3. Nf3 Nf6 4. g3 dxc4 5. Bg2 a6 6. O-O Nc6 7. Qd2 Rb8 8. Qc3 b5 9. a4 Bb4 10. Qc2 Nxd4 11. Nxd4 Qxd4 12. axb5 axb5 13. Bc6+ Ke7 14. Rd1 Qc5 15. Bf3 Rd8 16. Rxd8 Kxd8 17. Be3 Qf5 18. Qd1+ Ke7 19. Ra7 Bd6 20. Nc3 Bd7 21. Qd2 b4 22. Na4 Kf8 23. Qd4 Bb5 24. Nc5 Be5 25. Qd2 Qb1+ 26. Kg2 Qxb2 27. Qd1 c3 28. Bc1 Qb1 29. Na6 Bxa6 30. Rxa6 c2 31. Qd2 Bc3 32. Qe3 Rd8 33. Ra7 b3 34. Rxc7 Bd4 35. Ba3+ Kg8 36. Qg5 h6 37. Qa5 Re8 38. Qb5 b2 39. Bxb2 Qxb2 40. Qc4 c1=Q 41. Qxc1 Qxc1 42. Rxc1 Nd5 43. e3 Bf6 44. Rc6 Rd8 45. Ra6 Ne7 46. Ra7 g5 47. Be4 Kg7 48. Kf3 Rd2 49. h3 Nf5 50. Bc6 Nd6 51. Bd7 Nc4 0-1


[Site "https://www.chess.com"]

[Event "Titled Tuesday Blitz January 17 Early 2023"]
[White "Zaichenko, Daria"]
[Black "Winkels, Marcel"]
[WhiteFideId "4197453"]
[BlackFideId "1003887"]
[WhiteElo "2104"]
[BlackElo "1960"]
[Result "1-0"]
[Round "06"]
[TimeControl "180+2"]
[Date "2023.01.17"]
[WhiteClock "0:00:07"]
[BlackClock "0:00:11"]

1. e4 c5 2. Nf3 d6 3. d4 cxd4 4. Nxd4 Nf6 5. Nc3 a6 6. Be2 e5 7. Nb3 Be7 8. Be3 Be6 9. O-O O-O 10. Nd5 Nbd7 11. f3 Bxd5 12. exd5 Rc8 13. c4 b6 14. Rc1 Nc5 15. Nd2 a5 16. Bxc5 bxc5 17. Ne4 Rb8 18. b3 a4 19. Qc2 axb3 20. axb3 Qb6 21. Rb1 Ra8 22. Bd3 Nxe4 23. Bxe4 g6 24. g4 Bg5 25. Kg2 Ra3 26. Rh1 Rfa8 27. h4 Be3 28. h5 Bd4 29. Qd3 Qb7 30. hxg6 fxg6 31. Bxg6 hxg6 32. Qxg6+ Qg7 33. Qe6+ Kf8 34. Rh6 Ra2+ 35. Kh1 Ra1 36. Rf6+ Qxf6 37. Qxf6+ Kg8 38. Qg6+ Kf8 39. Qf6+ Ke8 40. Qe6+ Kd8 41. Qxd6+ Kc8 42. Qc6+ Kd8 43. Qd6+ Ke8 44. Qe6+ Kf8 45. Rxa1 Rxa1+ 46. Kg2 Ra2+ 47. Kh3 Bg1 48. g5 Rh2+ 49. Kg4 Rg2+ 50. Kf5 Be3 51. g6 Rg5+ 52. Ke4 Bf4 53. Qf7# 1-0


[Site "https://www.chess.com"]

[Event "Titled Tuesday Blitz January 17 Early 2023"]
[White "Zampronha, Wladimir Camilo"]
[Black "Aung Thant Zin"]
[WhiteFideId "2103087"]
[BlackFideId "13000063"]
[WhiteElo "2176"]
[BlackElo "2268"]
[Result "0-1"]
[Round "06"]
[TimeControl "180+2"]
[Date "2023.01.17"]
[WhiteClock "0:00:03"]
[BlackClock "0:00:18"]

1. e4 c5 2. Nf3 Nc6 3. d4 cxd4 4. Nxd4 Nf6 5. Nc3 d6 6. Bg5 e6 7. Qd2 a6 8. O-O-O h6 9. Bh4 Nxe4 10. Nxe4 Qxh4 11. Nxc6 Qxe4 12. Nd4 Be7 13. Kb1 Qe5 14. f4 Qc5 15. g3 O-O 16. Bg2 Rb8 17. Rhe1 Rd8 18. g4 e5 19. Nb3 Qc7 20. g5 Bf5 21. gxh6 g6 22. Bd5 Bf6 23. Rc1 Rbc8 24. Ka1 Kh7 25. c4 b6 26. h4 a5 27. fxe5 dxe5 28. Qf2 a4 29. Nd2 a3 30. Ne4 Bh8 31. Ng5+ Kxh6 32. Nxf7+ Kh7 33. Nxd8 e4 34. Rc3 axb2+ 35. Qxb2 Rxd8 36. h5 Rxd5 37. hxg6+ Kg8 38. Rh1 Bg7 0-1


[Site "https://www.chess.com"]

[Event "Titled Tuesday Blitz January 17 Early 2023"]
[White "Orujov, Elshad"]
[Black "Tharushi, T H D Niklesha"]
[WhiteFideId "13403540"]
[BlackFideId "9918264"]
[WhiteElo "2304"]
[BlackElo "1570"]
[Result "1-0"]
[Round "06"]
[TimeControl "180+2"]
[Date "2023.01.17"]
[WhiteClock "0:02:22"]
[BlackClock "0:01:25"]

1. e4 c6 2. d4 d5 3. Nc3 dxe4 4. Nxe4 Nf6 5. Nxf6+ exf6 6. Be3 Bd6 7. Bd3 Be6 8. Ne2 O-O 9. c4 Nd7 10. Qc2 g6 11. Nc3 f5 12. d5 cxd5 13. cxd5 f4 14. dxe6 fxe3 15. exd7 exf2+ 16. Kxf2 Bc5+ 17. Kf1 Qf6+ 18. Ke1 Qe7+ 19. Ne4 Bb4+ 20. Kf2 Qxd7 21. Nf6+ Kg7 22. Nxd7 1-0


[Site "https://www.chess.com"]

[Event "Titled Tuesday Blitz January 17 Early 2023"]
[White "Ho, In Hei Henry"]
[Black "Martin, Lewis"]
[WhiteFideId "6002552"]
[BlackFideId "410551"]
[WhiteElo "1735"]
[BlackElo "2135"]
[Result "0-1"]
[Round "06"]
[TimeControl "180+2"]
[Date "2023.01.17"]
[WhiteClock "0:01:16"]
[BlackClock "0:02:38"]

1. e4 c5 2. Nf3 d6 3. d4 cxd4 4. Nxd4 Nf6 5. Nc3 a6 6. f3 e5 7. Nb3 Be7 8. Be3 Be6 9. Qd2 O-O 10. O-O-O Qc8 11. Kb1 a5 12. a4 Rd8 13. g4 d5 14. exd5 Nxd5 15. Nxd5 Bxd5 16. Qf2 Bxb3 17. Rxd8+ Qxd8 18. cxb3 Qd1+ 19. Ka2 Nc6 20. Bg2 Nb4+ 21. Ka3 Nd3+ 22. Bc5 Nxf2 0-1


[Site "https://www.chess.com"]

[Event "Titled Tuesday Blitz January 17 Early 2023"]
[White "Vargas, Mauricio"]
[Black "De Souza, Cristiano Gomes"]
[WhiteFideId "4404572"]
[BlackFideId "2151758"]
[WhiteElo "2035"]
[BlackElo "2018"]
[Result "0-1"]
[Round "06"]
[TimeControl "180+2"]
[Date "2023.01.17"]
[WhiteClock "0:00:18"]
[BlackClock "0:01:17"]

1. e4 c5 2. Nc3 d6 3. Nf3 Bg4 4. h3 Bxf3 5. Qxf3 Nc6 6. Bb5 Qc7 7. O-O a6 8. Nd5 Qd8 9. Bxc6+ bxc6 10. Nc3 e5 11. d3 Nf6 12. b3 Be7 13. g4 O-O 14. g5 Ne8 15. h4 Nc7 16. Qg4 Ne6 17. f4 Nd4 18. f5 f6 19. Rf2 fxg5 20. hxg5 Qa5 21. Bd2 Qc7 22. Raf1 Qd7 23. Qh5 Bd8 24. Rh2 g6 25. fxg6 Rxf1+ 0-1


[Site "https://www.chess.com"]

[Event "Titled Tuesday Blitz January 17 Early 2023"]
[White "Hartikainen, Jarmo"]
[Black "ritanovikova"]
[WhiteFideId "503134"]
[WhiteElo "2108"]
[BlackElo "2137"]
[Result "0-1"]
[Round "06"]
[TimeControl "180+2"]
[Date "2023.01.17"]
[WhiteClock "0:00:13"]
[BlackClock "0:00:22"]

1. e4 d5 2. exd5 Qxd5 3. d4 e5 4. dxe5 Qxd1+ 5. Kxd1 Nc6 6. Bb5 Bg4+ 7. f3 O-O-O+ 8. Bd2 Bd7 9. Bxc6 Bxc6 10. Nh3 h6 11. Re1 Bc5 12. Nc3 Ne7 13. Ne4 Bd4 14. c3 Bxe5 15. g3 f5 16. f4 Bxe4 17. fxe5 Nc6 18. Nf2 Rd5 19. Nxe4 fxe4 20. Rxe4 Rhd8 21. Re2 Nxe5 22. Kc2 Nc4 23. Bf4 g5 24. b3 Na3+ 25. Kb2 gxf4 26. Kxa3 fxg3 27. h3 h5 28. h4 Rd3 29. c4 R8d4 30. Rh1 Rg4 31. Rg2 Rf3 32. Kb4 b6 33. a4 a5+ 34. Ka3 Kb7 35. Rd1 Rxh4 36. Rd3 Rxd3 0-1


[Site "https://www.chess.com"]

[Event "Titled Tuesday Blitz January 17 Early 2023"]
[White "Soumya, Swaminathan"]
[Black "Liimatainen, Jero"]
[WhiteFideId "5016193"]
[BlackFideId "509531"]
[WhiteElo "2293"]
[BlackElo "1948"]
[Result "0-1"]
[Round "06"]
[TimeControl "180+2"]
[Date "2023.01.17"]
[WhiteClock "0:00:02"]
[BlackClock "0:00:10"]

1. e4 c5 2. Nf3 d6 3. d4 cxd4 4. Nxd4 Nf6 5. Nc3 Nc6 6. h3 e5 7. Nde2 h6 8. g4 Be7 9. Bg2 a5 10. Be3 a4 11. a3 Be6 12. Nd5 Bxd5 13. exd5 Na5 14. Qd3 Qd7 15. O-O b5 16. b3 axb3 17. cxb3 O-O 18. Ng3 Rfc8 19. Kh2 Bf8 20. f4 exf4 21. Rxf4 Qc7 22. Rc1 Qb7 23. Rxf6 Rxc1 24. Bxc1 gxf6 25. Nh5 Qe7 26. Bb2 Bg7 27. Qf5 Re8 28. Nxg7 Kxg7 0-1


[Site "https://www.chess.com"]

[Event "Titled Tuesday Blitz January 17 Early 2023"]
[White "Levine, David"]
[Black "Kostiukov, Alexandr"]
[WhiteFideId "2011611"]
[BlackFideId "14108100"]
[WhiteElo "2040"]
[BlackElo "2271"]
[Result "0-1"]
[Round "06"]
[TimeControl "180+2"]
[Date "2023.01.17"]
[WhiteClock "0:01:49"]
[BlackClock "0:02:41"]

1. d4 g6 2. c4 Bg7 3. g3 d6 4. Bg2 e5 5. dxe5 dxe5 6. Qxd8+ Kxd8 7. Nc3 c6 8. Nf3 f6 9. h4 h5 10. Be3 Be6 11. c5 Bh6 12. O-O-O+ Nd7 13. Bxh6 Nxh6 14. Nd2 Ke7 15. b4 a5 16. b5 Nxc5 17. bxc6 bxc6 18. Bxc6 Rac8 19. Bf3 Na4 20. Nb1 Nxc3 21. Nxc3 Rxc3+ 22. Kb2 Rc4 0-1


[Site "https://www.chess.com"]

[Event "Titled Tuesday Blitz January 17 Early 2023"]
[White "Larina, Maria"]
[Black "Deev, Andrei"]
[WhiteFideId "24113182"]
[BlackFideId "4102690"]
[WhiteElo "1948"]
[BlackElo "2390"]
[Result "0-1"]
[Round "06"]
[TimeControl "180+2"]
[Date "2023.01.17"]
[WhiteClock "0:00:09"]
[BlackClock "0:00:13"]

1. e4 d6 2. d4 Nf6 3. Nc3 c6 4. a4 e6 5. g4 d5 6. e5 Nfd7 7. Bf4 c5 8. dxc5 Bxc5 9. Nf3 Qb6 10. Qd2 Nc6 11. Bd3 Bb4 12. Bb5 O-O 13. Bxc6 bxc6 14. O-O Nc5 15. Qe3 Bxc3 16. Qxc3 Ne4 17. Qb3 Ba6 18. Rfe1 Qxb3 19. cxb3 c5 20. Rac1 Rab8 21. Be3 Rfc8 22. Nd2 Nxd2 23. Bxd2 Rxb3 24. Rc3 Rxb2 25. Bf4 Rb4 26. Bg3 Rxg4 27. Rec1 c4 0-1


[Site "https://www.chess.com"]

[Event "Titled Tuesday Blitz January 17 Early 2023"]
[White "Stead, Kerry"]
[Black "Ciuffoletti, Paolo"]
[WhiteFideId "3202577"]
[BlackFideId "807630"]
[WhiteElo "1908"]
[BlackElo "2106"]
[Result "0-1"]
[Round "06"]
[TimeControl "180+2"]
[Date "2023.01.17"]
[WhiteClock "0:00:03"]
[BlackClock "0:00:07"]

1. d4 d5 2. e4 dxe4 3. Nc3 Nf6 4. f3 e3 5. Bxe3 Bf5 6. Bc4 e6 7. Nge2 Bd6 8. Ng3 Bg6 9. Nge4 Nxe4 10. fxe4 Bb4 11. e5 Nd7 12. O-O Nb6 13. Be2 O-O 14. Bf3 c6 15. Ne4 Nd5 16. Bg5 Be7 17. Bxe7 Nxe7 18. c3 Nf5 19. Qe2 Qc7 20. Rae1 Rfd8 21. Qf2 b6 22. h4 h6 23. g4 Ne7 24. h5 Bh7 25. Qh4 Nd5 26. g5 Qe7 27. Qg3 Bxe4 28. gxh6 Qf8 29. Rxe4 Kh8 30. hxg7+ Qxg7 31. Rg4 Qh6 32. Rg5 Rg8 33. Rg4 Rxg4 34. Bxg4 Rg8 0-1


[Site "https://www.chess.com"]

[Event "Titled Tuesday Blitz January 17 Early 2023"]
[White "Puranik, Abhimanyu"]
[Black "Sarana, Alexey"]
[WhiteFideId "5061245"]
[BlackFideId "24133795"]
[WhiteElo "2613"]
[BlackElo "2685"]
[Result "0-1"]
[Round "07"]
[TimeControl "180+2"]
[Date "2023.01.17"]
[WhiteClock "0:00:03"]
[BlackClock "0:00:01"]

1. Nf3 d5 2. c4 e6 3. g3 dxc4 4. Bg2 a6 5. a4 Nc6 6. O-O Nf6 7. Na3 Na5 8. Qc2 Qd5 9. Rd1 Bd6 10. d3 cxd3 11. Rxd3 Qh5 12. Bd2 O-O 13. h3 Nc6 14. Nc4 Nb4 15. Bxb4 Bxb4 16. Nce5 Nd5 17. e4 Ne7 18. Qxc7 Ng6 19. Rad1 Nxe5 20. Nxe5 a5 21. Rd8 f6 22. Nc4 Qf7 23. Rxf8+ Bxf8 24. Qxf7+ Kxf7 25. Nb6 Ra6 26. Nxc8 Rc6 27. Na7 Rc2 28. Rd7+ Ke8 29. Rxb7 Bc5 30. Nb5 Bxf2+ 31. Kh2 g5 32. h4 gxh4 33. gxh4 h5 34. Bf3 Bxh4+ 35. Kh3 Bg5 36. Bxh5+ Kd8 37. Bg4 f5 38. exf5 exf5 39. Bxf5 Rxb2 40. Kg4 Be3 41. Rd7+ Ke8 42. Nc7+ Kf8 43. Ne6+ Kg8 44. Bh7+ Kh8 45. Bg6 Rb8 46. Kf5 Bc1 47. Kf6 Kg8 48. Rg7+ Kh8 49. Rh7+ Kg8 50. Rg7+ Kh8 51. Rd7 Bb2+ 52. Kf7 Bc1 53. Rd8+ Rxd8 54. Nxd8 Bg5 55. Ne6 Bd2 56. Bf5 Bc3 57. Ng5 Bd2 58. Ne4 Bb4 0-1


[Site "https://www.chess.com"]

[Event "Titled Tuesday Blitz January 17 Early 2023"]
[White "Artemiev, Vladislav"]
[Black "Svane, Rasmus"]
[WhiteFideId "24101605"]
[BlackFideId "4657101"]
[WhiteElo "2701"]
[BlackElo "2623"]
[Result "1-0"]
[Round "07"]
[TimeControl "180+2"]
[Date "2023.01.17"]
[WhiteClock "0:01:09"]
[BlackClock "0:01:10"]

1. c4 Nf6 2. Nc3 e5 3. e3 Nc6 4. a3 d5 5. cxd5 Nxd5 6. Qc2 a6 7. Nf3 Nxc3 8. bxc3 Bd6 9. d4 O-O 10. Be2 f5 11. c4 e4 12. Nd2 Qh4 13. g3 Qh3 14. Bf1 Qh5 15. Bb2 b6 16. Bg2 Bd7 17. O-O Rf6 18. Qd1 Qg5 19. c5 bxc5 20. dxc5 Be5 21. Bxe5 Nxe5 22. Nxe4 fxe4 23. Qd5+ Be6 24. Qxa8+ Rf8 25. Qxe4 1-0


[Site "https://www.chess.com"]

[Event "Titled Tuesday Blitz January 17 Early 2023"]
[White "Bluebaum, Matthias"]
[Black "Le, Tuan Minh"]
[WhiteFideId "24651516"]
[BlackFideId "12401153"]
[WhiteElo "2669"]
[BlackElo "2542"]
[Result "0-1"]
[Round "07"]
[TimeControl "180+2"]
[Date "2023.01.17"]
[WhiteClock "0:00:02"]
[BlackClock "0:00:14"]

1. d4 d5 2. c4 c6 3. Nf3 Nf6 4. Nc3 a6 5. Qc2 dxc4 6. e4 b5 7. h3 e6 8. Be2 c5 9. d5 exd5 10. exd5 h6 11. a4 b4 12. Ne4 Nxd5 13. Bxc4 Nb6 14. Be2 Be7 15. O-O O-O 16. a5 N6d7 17. Rd1 Qc7 18. Ng3 Nf6 19. Nf5 Nc6 20. Be3 b3 21. Nxe7+ Qxe7 22. Qxb3 Nb4 23. Qc4 Ne4 24. Rac1 Bb7 25. Nd2 Nxd2 26. Rxd2 Rac8 27. Bxc5 Qg5 28. Bf1 Qxd2 29. Bxb4 Qxc1 30. Qg4 Rfe8 31. Bc3 Rxc3 32. bxc3 Qxc3 33. Qd7 Qc6 34. Qd4 Re1 35. Kh2 Qc7+ 36. Kg1 Qc1 37. Qd8+ Kh7 38. Qd3+ Be4 39. Qxa6 Rd1 40. Kh2 Rxf1 41. Qxf1 Qxf1 0-1


[Site "https://www.chess.com"]

[Event "Titled Tuesday Blitz January 17 Early 2023"]
[White "Lazavik, Denis"]
[Black "Kravtsiv, Martyn"]
[WhiteFideId "13515110"]
[BlackFideId "14113147"]
[WhiteElo "2544"]
[BlackElo "2598"]
[Result "1-0"]
[Round "07"]
[TimeControl "180+2"]
[Date "2023.01.17"]
[WhiteClock "0:02:39"]
[BlackClock "0:01:35"]

1. d4 d5 2. c4 e6 3. Nf3 Nf6 4. g3 Be7 5. Bg2 O-O 6. O-O b6 7. cxd5 exd5 8. Nc3 Bb7 9. Ne5 Nbd7 10. Qa4 Nb8 11. Bf4 a6 12. Rfd1 Nh5 13. Be3 Nf6 14. Rac1 Bd6 15. Bg5 h6 16. Bxf6 gxf6 17. Ng4 h5 18. Nh6+ Kh7 19. Nf5 c6 20. e4 Bc7 21. Qc2 Ra7 22. exd5 cxd5 23. Qd2 Kg6 24. Qh6+ 1-0


[Site "https://www.chess.com"]

[Event "Titled Tuesday Blitz January 17 Early 2023"]
[White "Bernadskiy, Vitaliy"]
[Black "Lenderman, Aleksandr"]
[WhiteFideId "14100371"]
[BlackFideId "2021285"]
[WhiteElo "2592"]
[BlackElo "2572"]
[Result "1-0"]
[Round "07"]
[TimeControl "180+2"]
[Date "2023.01.17"]
[WhiteClock "0:00:06"]
[BlackClock "0:00:17"]

1. d4 e6 2. Nf3 Nf6 3. Bg5 c5 4. c3 d5 5. e3 Be7 6. Nbd2 Nbd7 7. Bd3 b6 8. Qe2 Bb7 9. Ba6 Qc8 10. Bxb7 Qxb7 11. O-O O-O 12. Rad1 Rac8 13. Rfe1 Rfd8 14. h3 b5 15. a3 a5 16. dxc5 Nxc5 17. Nd4 b4 18. axb4 axb4 19. c4 dxc4 20. Nxc4 Nce4 21. Bf4 Nd5 22. Be5 Bf8 23. Nd2 Nxd2 24. Rxd2 Nb6 25. Rc2 Rxc2 26. Qxc2 Rc8 27. Qb3 Nc4 28. Nf3 f6 29. Bg3 e5 30. Rc1 Qd5 31. e4 Qf7 32. Nd2 Nd6 33. Qxf7+ Kxf7 34. Rxc8 Nxc8 35. Nc4 Bc5 36. Kf1 Ne7 37. f3 Nc6 38. Bf2 Bxf2 39. Kxf2 Ke6 40. Ke3 Nd4 41. Kd3 g6 42. Ne3 f5 43. Nd5 b3 44. Ne3 f4 45. Nc4 Nc2 46. Nd2 Ne1+ 47. Ke2 Nxg2 48. Nxb3 Ne3 49. Nd2 Nc2 50. Kd3 Nd4 51. b4 Kd6 52. Nc4+ Ke6 53. Nd2 g5 54. Kc4 Kd6 55. b5 h5 56. b6 Kc6 57. b7 Kxb7 58. Kd5 Ne2 59. Kxe5 Ng1 60. Kf6 Nxh3 61. e5 g4 62. fxg4 hxg4 63. e6 g3 64. e7 g2 65. Nf3 Nf2 66. e8=Q Ng4+ 67. Kf7 Ne5+ 68. Qxe5 g1=Q 69. Qd5+ Ka7 70. Nxg1 Kb8 71. Qe4 f3 72. Qf4+ Ka8 73. Qxf3+ 1-0


[Site "https://www.chess.com"]

[Event "Titled Tuesday Blitz January 17 Early 2023"]
[White "Nakamura, Hikaru"]
[Black "Predke, Alexandr"]
[WhiteFideId "2016192"]
[BlackFideId "24107581"]
[WhiteElo "2775"]
[BlackElo "2685"]
[Result "1-0"]
[Round "07"]
[TimeControl "180+2"]
[Date "2023.01.17"]
[WhiteClock "0:00:04"]
[BlackClock "0:00:01"]

1. e4 c5 2. Nf3 e6 3. g3 Nc6 4. d4 cxd4 5. Nxd4 Nf6 6. Bg2 d6 7. Nxc6 bxc6 8. c4 e5 9. O-O Be7 10. Nc3 O-O 11. b3 a5 12. Na4 Qc7 13. Qe2 d5 14. exd5 cxd5 15. Bb2 e4 16. Rfc1 Ba6 17. Qe1 dxc4 18. Nc3 Rae8 19. bxc4 e3 20. Qxe3 Bc5 21. Qg5 h6 22. Qd2 Bxc4 23. Na4 Re2 24. Qxe2 Bxe2 25. Nxc5 Re8 26. Ne4 Qb6 27. Bxf6 gxf6 28. Re1 f5 29. Rxe2 fxe4 30. Bxe4 Kg7 31. Rae1 Qd4 32. Kf1 Re7 33. h4 a4 34. Bf3 Rxe2 35. Rxe2 a3 36. Kg2 Qc4 37. Rd2 Qc3 38. Rd7 Kf8 39. Bd5 f6 40. Rf7+ Ke8 41. Ra7 Qc5 42. Ra8+ Ke7 43. Bf3 Qb4 44. h5 Kd6 45. Ra6+ Ke7 46. Ra7+ Kd6 47. Ra6+ Ke5 48. Ba8 f5 49. Bf3 f4 50. Rxh6 fxg3 51. Rg6 gxf2 52. h6 Qh4 53. Ra6 Kf5 54. Ra5+ Kg6 55. Ra6+ Kh7 56. Rc6 1-0


[Site "https://www.chess.com"]

[Event "Titled Tuesday Blitz January 17 Early 2023"]
[White "Zierk, Steven"]
[Black "Dubov, Daniil"]
[WhiteFideId "2034255"]
[BlackFideId "24126055"]
[WhiteElo "2488"]
[BlackElo "2708"]
[Result "0-1"]
[Round "07"]
[TimeControl "180+2"]
[Date "2023.01.17"]
[WhiteClock "0:00:39"]
[BlackClock "0:00:28"]

1. e4 c5 2. Nf3 e6 3. d4 cxd4 4. Nxd4 Nf6 5. Nc3 Nc6 6. Ndb5 d6 7. Bf4 e5 8. Bg5 a6 9. Na3 b5 10. Nd5 Be7 11. Bxf6 Bxf6 12. c3 Rb8 13. Nc2 Bg5 14. Be2 O-O 15. O-O Kh8 16. a4 bxa4 17. Rxa4 Rxb2 18. Bxa6 Bd7 19. Ncb4 Rd2 20. Qe1 Nb8 21. Ra3 Nxa6 22. Nxa6 Bb5 23. f4 Rxd5 24. exd5 exf4 25. Rf3 Re8 26. Qb1 Be2 27. Rh3 h6 28. Nb4 Qb6+ 29. Kh1 f3 30. gxf3 Qf2 0-1


[Site "https://www.chess.com"]